cohdb
Replays
Latest Replays
All Replays
Popular Replays
Top Player Replays
Match Explorer
How It Works
Community
CoH3 Stats
Reddit
Sign in to upload your games and track your stats! →
Sign in with Steam
Match 43816578
Unlisted
Match 43816578
Overview
Messages
Build Orders
End
Construct Section Command Post
Vickers Machine Gun Team
Selects Canadian Shock Battlegroup
Infantry Section
Infantry Section
Selects Offensive Resupply
Construct Platoon Command Post
Construct Field Infirmary
Unlock M3 Stuart Light Tanks
Selects Incendiary Munitions
Selects Canadian Shock Section
Canadian Shock Section
Unlock Bishop Self-propelled Artillery
Vickers Machine Gun Team
Bishop Self-propelled Artillery
6-pounder Anti-tank Gun Team
Selects Pyrotechnics
Grenade Package
Bishop Self-propelled Artillery
6-pounder Anti-tank Gun Team
Sweet season
leolai
BLITZKRIEG BOB
Jarkke
0
0
Comments
sign in to comment!
No comments posted yet!